 Dungeon Sprint DCSS version 0.19.5 (webtiles) character file.

13197 Mesmaeker13 the Shatterer (level 12, -1/134 (135) HPs)
             Began as an Ogre Gladiator on Apr 4, 2017.
             Was the Champion of the Shining One.
             Slain by a 12-headed hydra (2 damage)
             ... while paralysed by a floating eye
             ... in the Dungeon (Sprint I: "Red Sonja").
             The game lasted 00:15:13 (3564 turns).

Mesmaeker13 the Shatterer (Ogre Gladiator)          Turns: 3564, Time: 00:15:14

HP:   -1/134 (135)  AC:  5    Str: 25      XL:     12   Next: 3%
MP:   21/21         EV:  1    Int:  6 (7)  God:    the Shining One [******]
Gold: 536           SH:  0    Dex: 12      Spells: 0 memorised, 11 levels left

rFire  . . .     SeeInvis .     l - +0 giant club
rCold  . . .     Gourm    .     b - +0 robe
rNeg   + + +     Faith    .     (shield currently unavailable)
rPois  .         Spirit   .     c - +0 hat
rElec  .         Reflect  .     j - +1 cloak {MR+}
rCorr  .         Harm     .     (gloves unavailable)
MR     ++...     NoTele   +     (boots unavailable)
Stlth  +.........               (no amulet)
                                (no ring)
                                (no ring)

@: paralysed, glowing
A: unfitting armour, deterioration 2, frail 1, tough skin 1
a: Divine Shield, Cleansing Flame, Summon Divine Warrior, Brand Weapon With Holy
Wrath, Renounce Religion


You were in the Dungeon.
You worshipped the Shining One.
The Shining One was exalted by your worship.
You were not hungry.

You visited 1 branch You collected 1429 gold pieces.
You spent 893 gold pieces at shops.

Inventory:

Hand Weapons
 l - a +0 giant club (weapon)
Missiles
 d - 4 large rocks (quivered)
Armour
 b - a +0 robe (worn)
 c - a +0 hat (worn)
 j - a +1 cloak of magic resistance (worn)
Wands
 n - a wand of heal wounds (3/9)
Scrolls
 g - a scroll of identify {unknown}
 k - 3 scrolls of blinking
Potions
 e - 2 potions of curing
 h - a potion of haste
 i - 2 potions of magic
Miscellaneous
 m - a phantom mirror
Comestibles
 a - 11 chunks of flesh
 f - a bread ration
 o - a meat ration


   Skills:
 + Level 18.2 Fighting
 + Level 21.4 Maces & Flails
 - Level 7.1 Throwing
 - Level 11.6 Dodging
 - Level 4.4 Stealth
 + Level 12.2 Invocations


You had 11 spell levels left.
You didn't know any spells.

Dungeon Overview and Level Annotations

Branches:
Dungeon (1/1)

Altars:
Cheibriados
Dithmenos
Elyvilon
Fedhas
Gozag
Hepliaklqana
Kikubaaqudgha
Makhleb
Nemelex Xobeh
Okawaru
Qazlal
Ru
Sif Muna
Trog
Uskayaw
Vehumet
Xom
Yredelemnul
Zin
The Shining One
Jiyva
Lugonu

Shops:
D *(*(}%*(!:?![([[![*[:


Innate Abilities, Weirdness & Mutations

You are too large for most types of armour.
You have tough skin. (AC +1)
Your body often deteriorates upon taking damage.
You are frail. (-10% HP)


Message History

The 12-headed hydra bites you but does no damage.
The 12-headed hydra bites you! The 12-headed hydra bites you.
The 12-headed hydra bites you!
* * * LOW HITPOINT WARNING * * *
The 12-headed hydra bites you but does no damage.
The 12-headed hydra bites you!
* * * LOW HITPOINT WARNING * * *
Your body deteriorates!
You feel dopey. The 12-headed hydra bites you!
* * * LOW HITPOINT WARNING * * *
The 12-headed hydra bites you!
* * * LOW HITPOINT WARNING * * *
The 12-headed hydra bites you.
* * * LOW HITPOINT WARNING * * *
The 12-headed hydra bites you! The Shining One protects you from harm!
Found 27 gold pieces.
The 12-headed hydra bites you. The Shining One protects you from harm!
The 12-headed hydra bites you.
You die...

#####################
..#..#§§.§§§.§§§@DG$#
..##'#§####§§§§§##$.+
..'§§#§# ##.§§## ##
###..§§# ###+#
.##)#### .#§§§ .#.§§.
'###.§§ .'.#..§#


You could see a 12-headed hydra and a floating eye.

Vanquished Creatures
  2 centaur warriors (D)
  Sonja (D)
  A deep troll (D)
  2 unseen horrors (D)
  A lindwurm (D)
  8 shining eyes (D)
  An oklob plant (D)
  A gargoyle (D)
  2 kobold demonologists (D)
  4 demonic crawlers (D)
  A slime creature (D)
  A hornet (D)
  Sigmund (D)
  2 redbacks (D)
  A yak (D)
  13 hogs (D)
  6 floating eyes (D)
  An ogre (D)
  7 necrophages (D)
  8 jellies (D)
  Ijyb (D)
65 creatures vanquished.

Vanquished Creatures (others)
  A gargoyle (D)
  2 hornets (D)
  3 ballistomycetes (D)
  2 ballistomycete spores (D)
8 creatures vanquished.

Grand Total: 73 creatures vanquished

Notes
Turn   | Place    | Note
-------+----------+-------------------------------------------
     0 | D        | Mesmaeker13 the Ogre Gladiator began the quest for the Orb.
     0 | D        | Reached XP level 1. HP: 22/22 MP: 1/1
     1 | D        | Noticed Ijyb
    21 | D        | Killed Ijyb
    21 | D        | Reached skill level 6 in Maces & Flails
    21 | D        | Reached XP level 2. HP: 17/32 MP: 2/2
    21 | D        | Reached XP level 3. HP: 20/39 MP: 3/3
   163 | D        | Noticed an ogre
   171 | D        | Killed an ogre
   171 | D        | Reached skill level 5 in Fighting
   171 | D        | Reached skill level 9 in Maces & Flails
   171 | D        | Reached skill level 5 in Dodging
   171 | D        | Reached skill level 1 in Stealth
   171 | D        | Reached XP level 4. HP: 50/50 MP: 4/4
   184 | D        | Noticed Sigmund
   196 | D        | Killed Sigmund
   196 | D        | Reached skill level 11 in Maces & Flails
   196 | D        | Reached XP level 5. HP: 33/61 MP: 5/5
   196 | D        | Reached XP level 6. HP: 36/68 MP: 6/6
   355 | D        | Found a deep blue altar of Sif Muna.
   357 | D        | Found a radiant altar of Vehumet.
   364 | D        | Reached skill level 12 in Maces & Flails
   389 | D        | Found Daicanape's Weapon Emporium.
   389 | D        | Found an ancient bone altar of Kikubaaqudgha.
   389 | D        | Found a hazy altar of Hepliaklqana.
   389 | D        | Found a stormy altar of Qazlal.
   389 | D        | Found a hide-covered altar of Uskayaw.
   389 | D        | Found a blossoming altar of Fedhas.
   389 | D        | Found a bloodstained altar of Trog.
   389 | D        | Found an iron altar of Okawaru.
   389 | D        | Found a basalt altar of Yredelemnul.
   389 | D        | Found a glowing golden altar of the Shining One.
   389 | D        | Found a snail-covered altar of Cheibriados.
   389 | D        | Found a sacrificial altar of Ru.
   389 | D        | Found a glowing silver altar of Zin.
   389 | D        | Found a shadowy altar of Dithmenos.
   389 | D        | Found a white marble altar of Elyvilon.
   389 | D        | Noticed a yak
   390 | D        | Found an opulent altar of Gozag.
   396 | D        | Killed a yak
   396 | D        | Reached skill level 13 in Maces & Flails
   396 | D        | Reached XP level 7. HP: 37/80 MP: 7/7
   397 | D        | Found a sparkling altar of Nemelex Xobeh.
   403 | D        | Became a worshipper of the Shining One
   601 | D        | Found a burning altar of Makhleb.
   601 | D        | Found a viscous altar of Jiyva.
   601 | D        | Found a shimmering altar of Xom.
   601 | D        | Found a corrupted altar of Lugonu.
   601 | D        | Noticed a slime creature
   611 | D        | Killed a slime creature
   611 | D        | Reached skill level 14 in Maces & Flails
   799 | D        | Noticed a kobold demonologist
   799 | D        | Reached * piety under the Shining One
   800 | D        | Noticed a kobold demonologist
   802 | D        | Paralysed by a floating eye for 2 turns
   803 | D        | Noticed a ynoxinul
   808 | D        | Noticed a sixfirhy
   809 | D        | Noticed an ice devil
   811 | D        | Paralysed by a floating eye for 3 turns
   818 | D        | Paralysed by a floating eye for 4 turns
   825 | D        | Paralysed by a floating eye for 2 turns
   828 | D        | Noticed a soul eater
   828 | D        | Killed a kobold demonologist
   828 | D        | Reached ** piety under the Shining One
   828 | D        | Reached skill level 15 in Maces & Flails
   828 | D        | Reached XP level 8. HP: 60/93 MP: 8/8
   830 | D        | Paralysed by a floating eye for 4 turns
   838 | D        | Paralysed by a floating eye for 4 turns
   842 | D        | Noticed a hellwing
   847 | D        | Killed a kobold demonologist
   847 | D        | Reached skill level 10 in Fighting
   968 | D        | Killed a hornet
  1000 | D        | Noticed a centaur warrior
  1000 | D        | Noticed a centaur warrior
  1051 | D        | Killed a centaur warrior
  1051 | D        | Reached skill level 17 in Maces & Flails
  1051 | D        | Reached XP level 9. HP: 52/106 MP: 9/9
  1143 | D        | Killed a hornet
  1285 | D        | Killed a gargoyle
  1289 | D        | Noticed a hornet
  1309 | D        | Killed a hornet
  1309 | D        | Reached skill level 1 in Invocations
  1310 | D        | Noticed an oklob plant
  1368 | D        | Noticed Sonja
  1368 | D        | Reached *** piety under the Shining One
  1370 | D        | Killed Sonja
  1396 | D        | Killed a centaur warrior
  1396 | D        | Reached skill level 18 in Maces & Flails
  1396 | D        | Reached skill level 10 in Dodging
  1396 | D        | Reached skill level 5 in Invocations
  1725 | D        | Noticed a deep troll
  1740 | D        | Killed a deep troll
  1740 | D        | Reached XP level 10. HP: 16/122 MP: 12/14
  2217 | D        | Paralysed by a floating eye for 2 turns
  2254 | D        | Killed an oklob plant
  2277 | D        | Reached skill level 19 in Maces & Flails
  2499 | D        | Reached **** piety under the Shining One
  2507 | D        | Noticed an unseen horror
  2509 | D        | Noticed an unseen horror
  2511 | D        | Killed an unseen horror
  2511 | D        | Reached skill level 15 in Fighting
  2514 | D        | Killed an unseen horror
  2601 | D        | Reached ***** piety under the Shining One
  2670 | D        | Reached ****** piety under the Shining One
  2687 | D        | Reached XP level 11. HP: 132/134 MP: 17/17
  2768 | D        | Reached skill level 20 in Maces & Flails
  2928 | D        | Noticed a lindwurm
  2933 | D        | Killed a lindwurm
  3072 | D        | Reached skill level 10 in Invocations
  3084 | D        | Noticed a shining eye
  3091 | D        | Killed a shining eye
  3091 | D        | Reached skill level 5 in Throwing
  3101 | D        | Found Rosiuvea's Assorted Antiques.
  3101 | D        | Noticed a shining eye
  3101 | D        | Noticed a shining eye
  3119 | D        | Gained mutation: Your body sometimes deteriorates upon taking damage. [a shining eye]
  3120 | D        | Killed a shining eye
  3146 | D        | Killed a shining eye
  3156 | D        | Noticed a shining eye
  3161 | D        | Paralysed by a floating eye for 4 turns
  3168 | D        | Gained mutation: Your body often deteriorates upon taking damage. [a shining eye]
  3170 | D        | Killed a shining eye
  3177 | D        | Noticed a shining eye
  3177 | D        | Noticed a shining eye
  3178 | D        | Gained mutation: You are weak. (Str -2) [a shining eye]
  3193 | D        | Gained mutation: You are very weak. (Str -4) [a shining eye]
  3194 | D        | Gained mutation: You tend to lose your temper in combat. [a shining eye]
  3195 | D        | Gained mutation: You regenerate slowly when monsters are visible. [a shining eye]
  3196 | D        | Killed a shining eye
  3205 | D        | Gained mutation: You are frail. (-10% HP) [a shining eye]
  3207 | D        | Lost mutation: You regenerate slowly when monsters are visible. [a shining eye]
  3208 | D        | Noticed a shining eye
  3216 | D        | Killed a shining eye
  3225 | D        | Gained mutation: You are very frail. (-20% HP) [a shining eye]
  3230 | D        | Killed a shining eye
  3236 | D        | Noticed a shining eye
  3239 | D        | Killed a shining eye
  3242 | D        | Found Bomom's Antique Weapon Shoppe.
  3242 | D        | Found Ivolek's Assorted Antiques.
  3247 | D        | Found Ziruenut's Food Boutique.
  3249 | D        | Found Muetacw's Gadget Shop.
  3271 | D        | Bought a wand of heal wounds (3/9) for 420 gold pieces
  3273 | D        | Bought a meat ration for 50 gold pieces
  3273 | D        | Bought a meat ration for 50 gold pieces
  3283 | D        | Bought a scroll labeled ENILELACOM for 23 gold pieces
  3322 | D        | Found Lustrem's Armour Emporium.
  3357 | D        | Found Wughaox's Antique Weapon Shoppe.
  3357 | D        | Found Japse's General Store.
  3357 | D        | Found Makoh's Distillery.
  3359 | D        | Found Ucseente's Book Emporium.
  3359 | D        | Found Otont's Magic Scroll Shop.
  3359 | D        | Found Ceen Keo's Distillery.
  3359 | D        | Found Ydexzor's Armour Boutique.
  3359 | D        | Found Edal's Antique Weapon Emporium.
  3359 | D        | Found Tudanec's Armour Shop.
  3359 | D        | Found Ecsaweuz's Armour Shoppe.
  3361 | D        | Bought a potion of cure mutation for 350 gold pieces
  3361 | D        | Lost mutation: You are very weak. (Str -4) [potion of cure mutation]
  3361 | D        | Lost mutation: You are weak. (Str -2) [potion of cure mutation]
  3361 | D        | Lost mutation: You are very frail. (-20% HP) [potion of cure mutation]
  3361 | D        | Lost mutation: You tend to lose your temper in combat. [potion of cure mutation]
  3362 | D        | Found Budef's Distillery.
  3363 | D        | Found Fiho Qos's General Store.
  3363 | D        | Found Otoocoex's Armour Boutique.
  3364 | D        | Found Pyfihi Igick's Book Emporium.
  3439 | D        | Reached skill level 21 in Maces & Flails
  3462 | D        | Reached XP level 12. HP: 105/134 MP: 19/21
  3560 | D        | Noticed a 12-headed hydra
  3562 | D        | Paralysed by a floating eye for 3 turns
  3563 | D        | HP: 4/134 [12-headed hydra (10)]
  3563 | D        | HP: 1/134 [12-headed hydra (3)]
  3563 | D        | The Shining One protects you from harm!
  3564 | D        | The Shining One protects you from harm!
  3564 | D        | Slain by a 12-headed hydra

Skill      XL: |  1  2  3  4  5  6  7  8  9 10 11 |
---------------+----------------------------------+-----
Fighting       | 3 5 6 8 9 12 14 15 18 | 18.2
Maces & Flails | 6 9 11 13 15 17 18 19 21 | 21.4
Dodging        | 4 5 6 7 8 9 10 11 | 11.6
Stealth        | 1 2 3 4 |  4.4
Invocations    | 6 9 12 | 12.2
Throwing       | 7 |  7.1

Action                   |  1- 3 |  4- 6 |  7- 9 | 10-12 || total
-------------------------+-------+-------+-------+-------++-------
Melee: Flail             |    25 |    20 |    57 |       ||   102
       Giant club        |       |       |    14 |   113 ||   127
Throw: Throwing net      |     1 |     1 |     1 |       ||     3
       Large rock        |       |       |       |    16 ||    16
Invok: Divine Shield     |       |       |     1 |     1 ||     2
  Use: Potion            |       |       |     3 |     1 ||     4
       Scroll            |       |       |       |     1 ||     1
 Stab: Held in net/web   |     2 |     1 |       |       ||     3
       Sleeping          |       |       |       |     1 ||     1
  Eat: Chunk             |       |       |     1 |     1 ||     2
       Bread ration      |       |       |     1 |       ||     1
       Meat ration       |       |       |       |     1 ||     1
Armor: Robe              |     1 |     1 |    12 |    12 ||    26
Dodge: Dodged            |    13 |     3 |    24 |    48 ||    88
Block: Other             |       |       |     1 |    12 ||    13
